 Dungeon Crawl Stone Soup version 0.28-a0-556-gab23d0e057 (webtiles) character file.

Game seed: 9907384000317006084

173 BR41ND34D the Caller (level 5, 0/33 HPs)
             Began as a Vampire Summoner on Sept 28, 2021.
             Slain by Natasha (3 damage)
             ... on level 4 of the Dungeon.
             The game lasted 00:15:34 (3318 turns).

BR41ND34D the Caller (Vampire Summoner)             Turns: 3318, Time: 00:15:34

Health: 0/33       AC:  4    Str:  7    XL:     5   Next: 28%
Magic:  8/9        EV: 13    Int: 18    God:
Gold:   131        SH:  0    Dex: 15    Spells: 2/10 levels left

rFire   . . .      SeeInvis +   a - +0 dagger (freeze)
rCold   . . .      Faith    .   (no shield)
rNeg    . . .      Spirit   .   c - +0 robe
rPois   .          Reflect  .   (no helmet)
rElec   .          Harm     .   t - +0 cloak
rCorr   .          Rampage  .   n - +0 pair of gloves
Will    .....                   (no boots)
Stlth   +++.......              (no amulet)
HPRegen 0.31/turn               (no ring)
MPRegen 0.11/turn               (no ring)

@: healing quickly
A: alive, fangs 3, see invisible, vampiric 2, [frail 1]
a: Exsanguinate


You were on level 4 of the Dungeon.
You visited 1 branch of the dungeon, and saw 4 of its levels.

You collected 131 gold pieces.

Inventory:

Hand Weapons
 a - a +0 dagger of freezing (weapon)
 s - a +2 quarterstaff of chaos
Missiles
 e - 31 poisoned darts
 j - 6 javelins (quivered)
Armour
 c - a +0 robe (worn)
 n - a +0 pair of gloves (worn)
 t - a +0 cloak (worn)
Wands
 o - a wand of paralysis (2)
Scrolls
 f - 4 scrolls of blinking {unknown}
 h - 2 scrolls of vulnerability {unknown}
 l - a scroll of magic mapping {unknown}
 m - a scroll of enchant armour {unknown}
 p - a scroll of noise {unknown}
 r - a scroll of enchant weapon {unknown}
Potions
 b - 2 potions of berserk rage {unknown}
 d - a potion of magic {unknown}
 g - 3 potions of curing {unknown}
 i - 2 potions of lignification {unknown}
 k - a potion of might {unknown}
 q - a potion of flight {unknown}


   Skills:
 + Level 1.4 Fighting
 + Level 2.9 Dodging
 + Level 4.2 Stealth
 * Level 3.2 Spellcasting
 * Level 4.9 Summonings


You had 2 spell levels left.
You knew the following spells:

 Your Spells              Type           Power      Damage    Failure   Level
a - Summon Small Mammal   Summ           80%        N/A       2%          1
b - Call Canine Familiar  Summ           20%        N/A       6%          3
c - Summon Lightning Spi  Summ/Air       11%        N/A       50%         4

Your spell library contained the following spells:

 Spells                   Type           Power      Damage    Failure   Level
 Call Imp                 Summ           20%        N/A       3%          2
 Corpse Rot               Necr/Air       N/A        N/A       24%         2
 Poisonous Vapours        Pois/Air       4%         N/A       24%         2
 Summon Guardian Golem    Hex/Summ       11%        N/A       17%         3


Dungeon Overview and Level Annotations

Branches:
Dungeon (4/15)
 Temple: D:4-7

Altars:

Annotations:
D:4 Natasha


Innate Abilities, Weirdness & Mutations

Your natural rate of healing is accelerated.
You have razor-sharp teeth.
You have supernaturally acute eyesight. (SInv)
You are afflicted with vampirism and can become a bat while bloodless.
[You are frail. (-10% HP)]


Message History

You closely miss the shadow imp.
Your hound barely misses Natasha.
You barely miss the shadow imp.
Your hound barely misses Natasha.
The shadow imp closely misses you.
Your hound bites Natasha.
You hit the shadow imp but do no damage.
The shadow imp misses you.
You hit Natasha but do no damage.
Natasha is moderately wounded.
The shadow imp gestures at you.
You struggle to resist.
Natasha claws you but does no damage.
Your hound closely misses Natasha.
You hit Natasha but do no damage.
Natasha is moderately wounded.
The shadow imp closely misses you.
Your hound closely misses Natasha.
Natasha mumbles some strange words.
The crimson imp hits you.
You closely miss Natasha.
Natasha is moderately wounded.
Your hound closely misses Natasha.
The shadow imp hits you.
Natasha zaps a wand.
The puff of flame hits you!
Your hound closely misses Natasha.
The crimson imp misses you.
The crimson imp hits you but does no damage.
The shadow imp misses you.
Your hound closely misses Natasha.
The crimson imp barely misses you.
The crimson imp laughs crazily.
Your hound bites Natasha.
The shadow imp closely misses you. Natasha claws you.
Your hound closely misses Natasha.
The crimson imp blinks!
The shadow imp barely misses your hound.
The crimson imp lashes its tail.
Natasha claws you.
Your hound bites Natasha but does no damage.
Your hound barely misses Natasha.
The shadow imp hits your hound.
Natasha zaps a wand.
The puff of flame hits you!
* * * LOW HITPOINT WARNING * * *
Your hound bites the shadow imp.
The crimson imp blinks!
Casting: Call Canine Familiar (dangerous; 6% risk of failure)
Confirm with . or Enter, or press ? or * to list all spells.
The shadow imp hits your hound.
Your hound bites the shadow imp.
The crimson imp hits you but does no damage.
Natasha claws you.
You die...

####.#..........# ###
##.#..##........#
##.###...†..#.......#
#...>#..............#.# #
##....##............#.⌠.
.##.......<......5..§.)#
....###.........h....#..#
........#..)....h55..#.##
........#.......@.......#
........#....#..r.#....#.#
........##...#...##...#.⌠
.##....##........# #[..#.#
##.....##..##..... ...###
......<....##..... ....#
..###..##....(.... .... ..
....# ##....... ..#..###


You could see Natasha, 2 crimson imps, a shadow imp (summoned, ally target), a
friendly hound (summoned) and a friendly quokka (summoned).

Vanquished Creatures
  Crazy Yiuf (D:3)
  Natasha (D:4)
  Ijyb (D:3)
  A worm (D:3)
  A dart slug (D:1)
  3 bats
  3 endoplasms
  2 giant cockroaches
  2 hobgoblins
  2 jackals (D:1)
  4 quokkas (D:3)
  3 ball pythons
  2 frilled lizards (D:1)
  3 goblins
  3 kobolds
  3 rats
35 creatures vanquished.

Vanquished Creatures (collateral kills)
  Natasha (D:4)
  An adder (D:2)
  2 dart slugs
  An endoplasm (D:1)
  4 hobgoblins
  2 ball pythons
  A bat (D:1)
  4 goblins
  2 kobolds (D:3)
18 creatures vanquished.

Vanquished Creatures (others)
  4 fungi (D:3)
4 creatures vanquished.

Grand Total: 57 creatures vanquished

Notes
Turn   | Place    | Note
-------+----------+-------------------------------------------
     0 | D:1      | BR41ND34D the Vampire Summoner began the quest for the Orb.
     0 | D:1      | Reached XP level 1. HP: 13/13 MP: 3/3
   227 | D:1      | Found a faded altar of an unknown god.
   294 | D:1      | Reached XP level 2. HP: 15/15 MP: 5/5
   714 | D:1      | Gained mutation: You are afflicted with vampirism and can
                  | become a bat while bloodless. [Vampire growth]
   714 | D:1      | Reached XP level 3. HP: 13/20 MP: 3/6
   718 | D:1      | Learned a level 3 spell: Call Canine Familiar
  2214 | D:3      | Reached skill level 1 in Fighting
  2240 | D:3      | Noticed Ijyb
  2252 | D:3      | Paralysed by Ijyb for 2 turns
  2288 | D:3      | Paralysed by Ijyb for 5 turns
  2296 | D:3      | Killed Ijyb
  2297 | D:3      | Reached XP level 4. HP: 8/25 MP: 1/8
  2418 | D:3      | Learned a level 4 spell: Summon Lightning Spire
  2992 | D:3      | Found a runed translucent door.
  2993 | D:3      | Noticed Crazy Yiuf
  3074 | D:3      | Killed Crazy Yiuf
  3247 | D:4      | Noticed Natasha
  3251 | D:4      | Killed Natasha
  3252 | D:4      | Reached XP level 5. HP: 33/33 MP: 9/9
  3272 | D:4      | Noticed Natasha
  3280 | D:4      | Killed Natasha
  3300 | D:4      | Noticed Natasha
  3318 | D:4      | Slain by Natasha

Illustrated notes

Levels and vault maps discovered:
D:1:      elethiomel_arrival_shortcut, layout_basic,
          ebering_ecumenical_altar_webs, serial_glass, glass_columns_c,
          glass_columns_a
D:2:      layout_loops_corners
D:3:      layout_loops_ring, uniq_ijyb, uniq_crazy_yiuf_cottage
D:4:      layout_cave_pools, tgw_kikubaaqudgha, grunt_decor_mini_mirrors,
          uniq_natasha

Skill      XL: |  1  2  3  4 |
---------------+-------------+-----
Fighting       | 1 |  1.4
Spellcasting   | 3 |  3.2
Stealth        | 4 |  4.2
Dodging        | |  2.9
Summonings     | |  4.9

Action                   |  1- 3 |  4- 6 || total
-------------------------+-------+-------++-------
Melee: Unarmed           |    17 |       ||    17
       Bite              |     6 |     3 ||     9
       Dagger            |    29 |    42 ||    71
       Rapier            |    21 |       ||    21
Throw: Dart              |     7 |     1 ||     8
       Javelin           |       |     2 ||     2
 Cast: Summon Small Mamm |    24 |     6 ||    30
       Call Canine Famil |     5 |     5 ||    10
 Abil: Exsanguinate      |     1 |       ||     1
       Revivify          |       |     1 ||     1
Evoke: Wand              |       |     1 ||     1
 Stab: Sleeping          |    14 |     4 ||    18
       Distracted        |     1 |       ||     1
       Paralysed         |       |     1 ||     1
Armor: Robe              |    14 |     7 ||    21
Dodge: Dodged            |    36 |    27 ||    63

Table legend: (Time is in decaauts)
 A = Elapsed time spent in this place.
 B = Non-inter-level travel time spent in this place.
 C = Inter-level travel time spent in this place.
 D = Time resting spent in this place.
 E = Time spent auto-exploring this place.
 F = Levels seen in this place.
 G = Mean time per level.
                   A        B        C        D        E       F      G
               +--------+--------+--------+--------+--------+-----+--------+
         Total |   3320 |   3073 |    247 |    223 |   2122 |   4 |  830.0 |
       Dungeon |   3320 |   3073 |    247 |    223 |   2122 |   4 |  830.0 |
               +--------+--------+--------+--------+--------+-----+--------+

Top non-repeatable levels by time:
     D:1: 1214 daAuts
     D:3: 1041 daAuts
     D:2: 979 daAuts
     D:4: 85 daAuts
